AoeStats
← DonCeltska

Arena

510317559Analyzed
3v3 RM · 3d ago on Sep 30, 2026· 81m 0s· 6 players
Game mode
Random Map
Map size
Normal (6 player)
Population
200
Speed
Normal
Resources
Standard
Victory
Conquest
Starting age
Dark Age
Ending age
Imperial Age
RankedLock teamsTeams togetherTeam positionsShared explorationLock speedFull tech treeHidden civsTurbo modeCheats
Victory
Defeat
🇦🇷 Mongols · Argentina
1110
+17
🇦🇷 Wu · Argentina
1105
+17
🇦🇷 Byzantines · Argentina
1094
+18
🇪🇸 Danes · Spain
1156
-18
🇧🇷 Magyars · Brazil
1139
-18
🇯🇵 Spanish · Japan
1097
-16
LLA | El makiavelico
10:39 Feudal Age
15:16 Castle Age
14:00 Double-Bit Axe
13:59 Horse Collar
15:58 Wheelbarrow
15:21 Stone Mining
19:21 Forging
19:12 Scale Mail Armor
19:20 Scale Barding Armor
23:24 Loom
23:50 Fletching
24:00 Padded Archer Armor
28:01 Hand Cart
29:59 Bodkin Arrow
30:04 Padded Archer Armor
31:20 Bloodlines
31:10 Husbandry
31:19 Heavy Plow
31:34 Bow Saw
31:53 Gold Mining
32:44 Stone Shaft Mining
33:24 Loom
36:13 Imperial Age
34:03 Leather Archer Armor
36:35 Gold Shaft Mining
36:15 Elite Mangudai
37:16 Bracer
38:26 Chemistry
37:47 Ballistics
38:11 Conscription
44:25 Heavy Camel Rider
44:32 Heavy Camel Rider
45:50 Iron Casting
45:35 Chain Barding Armor
65:27 Light Cavalry
66:59 Hussar
75:05 Caravan
LLA | Black-Dan
0:35 Loom
11:30 Feudal Age
16:18 Castle Age
14:07 Double-Bit Axe
14:13 Horse Collar
15:26 Stone Mining
16:25 Gold Mining
17:18 Wheelbarrow
21:24 Fervor
23:23 Heavy Plow
24:38 Bow Saw
25:10 Squires
27:21 Hand Cart
27:24 Red Cliffs Tactics
26:48 Pikeman
28:19 Fletching
29:05 Bodkin Arrow
34:04 Imperial Age
32:31 Forging
32:23 Padded Archer Armor
32:23 Scale Mail Armor
33:22 Arson
34:18 Iron Casting
34:24 Town Watch
34:21 Halberdier
35:34 Bracer
35:50 Chain Mail Armor
36:21 Conscription
40:47 Blast Furnace
42:16 Sitting Tiger
45:41 Plate Mail Armor
45:27 Leather Archer Armor
46:02 Gold Shaft Mining
49:09 Two-Man Saw
52:34 Town Patrol
53:37 Elite Skirmisher
55:46 Ballistics
56:26 Chemistry
Frandarkness
10:25 Feudal Age
10:53 Double-Bit Axe
16:50 Castle Age
21:33 Husbandry
28:18 Bow Saw
28:29 Loom
33:14 Horse Collar
33:42 Scale Barding Armor
34:49 Chain Barding Armor
34:47 Heavy Plow
37:41 Wheelbarrow
37:57 Forging
44:01 Imperial Age
42:29 Iron Casting
41:49 Gold Mining
42:52 Hand Cart
45:17 Gold Shaft Mining
45:24 Plate Barding Armor
46:12 Two-Man Saw
45:32 Fortified Wall
46:41 Light Cavalry
47:48 Hussar
49:56 Conscription
49:44 Heavy Camel Rider
67:17 Crop Rotation
altanbileg
0:29 Loom
10:47 Feudal Age
15:27 Castle Age
14:00 Double-Bit Axe
13:58 Horse Collar
14:31 Gold Mining
14:35 Stone Mining
24:58 Fletching
24:57 Town Watch
31:12 Imperial Age
29:29 Wheelbarrow
30:18 Pikeman
31:46 Bow Saw
31:46 Squires
32:37 Heavy Plow
34:28 Scale Barding Armor
35:45 Hand Cart
37:20 Chemistry
36:42 Cavalier
37:37 Bloodlines
38:05 Husbandry
38:19 Forging
38:29 Gold Mining
41:00 Two-Man Saw
41:07 Stone Shaft Mining
41:12 Chain Barding Armor
43:19 Plate Barding Armor
43:08 Ballistics
43:12 Paladin
45:07 Iron Casting
47:41 Blast Furnace
49:36 Conscription
54:06 Light Cavalry
54:42 Hussar
69:42 Masonry
71:59 Bodkin Arrow
72:06 Padded Archer Armor
72:06 Scale Mail Armor
72:49 Bracer
73:23 Architecture
72:42 Arson
73:39 Thumb Ring
72:56 Elite Skirmisher
73:57 Leather Archer Armor
75:00 Chain Mail Armor
76:07 Ring Archer Armor
79:45 Plate Mail Armor
80:34 Hoardings
DonCeltska
11:49 Feudal Age
16:15 Castle Age
14:18 Double-Bit Axe
14:33 Horse Collar
15:33 Gold Mining
20:05 Bow Saw
20:55 Loom
28:07 Wheelbarrow
27:40 Heavy Plow
27:24 Pikeman
28:16 Fletching
28:26 Padded Archer Armor
28:43 Forging
28:33 Scale Mail Armor
30:03 Gold Shaft Mining
31:02 Bodkin Arrow
31:23 Leather Archer Armor
36:31 Imperial Age
35:06 Ballistics
35:17 Hand Cart
35:32 Scale Barding Armor
35:38 Thumb Ring
38:00 Stone Mining
37:46 Halberdier
39:04 Iron Casting
38:49 Chain Barding Armor
38:32 Bracer
38:48 Chain Mail Armor
38:31 Cranequins
40:31 Heavy Mounted Crossbowman
44:30 Chemistry
43:57 Capped Ram
46:53 Siege Ram
55:09 Northmen's Fury
63:29 Elite Skirmisher
hugohugomoreira
9:10 Feudal Age
10:31 Wheelbarrow
16:01 Castle Age
15:06 Double-Bit Axe
25:04 Horse Collar
27:12 Hand Cart
30:06 Imperial Age
28:58 Bow Saw
28:41 Gold Mining
30:14 Scale Barding Armor
30:35 Bloodlines
30:18 Cavalier
31:25 Husbandry
32:53 Conscription
33:03 Parthian Tactics
34:00 Chain Barding Armor
33:33 Fletching
34:18 Thumb Ring
34:59 Gold Shaft Mining
34:18 Stone Mining
35:39 Bodkin Arrow
36:04 Heavy Plow
36:16 Heavy Cavalry Archer
37:25 Padded Archer Armor
38:50 Ballistics
39:09 Plate Barding Armor
38:52 Bracer
38:48 Paladin
39:28 Town Watch
40:24 Crop Rotation
40:44 Recurve Bow
41:02 Leather Archer Armor
44:58 Ring Archer Armor
46:18 Chemistry
46:52 Pikeman
49:06 Two-Man Saw
47:52 Elite Magyar Huszar
48:50 Town Patrol
54:54 Caravan
69:28 Corvinian Army
74:18 Coinage
Connection lost

Rejoining the realm…

Still unreachable

The connection could not be restored.

Session expired

The server has moved on; the page needs a fresh start.